 Dungeon Crawl Stone Soup version 0.17-a0-1880-gacf7e67 (webtiles) character file.

2304 achirane the Transmogrifier (level 9, -12/55 HPs)
             Began as an Octopode Transmuter on Sept 21, 2015.
             Shot with a sling bullet of flame by Joseph (15 damage)
             ... on level 7 of the Dungeon.
             The game lasted 01:24:58 (10725 turns).

achirane the Transmogrifier (Octopode Transmuter)  Turns: 10725, Time: 01:24:58

Health: -12/55     AC:  5    Str:  9    XL:     9   Next: 40%
Magic:  16/16      EV:  7    Int: 19    God:
Gold:   595        SH:  0    Dex: 15    Spells: 2 memorised, 13 levels left

rFire  + + .     SeeInvis .     v - +0 blowgun
rCold  x . .     Clarity  .     (no shield)
rNeg   . . .     SustAt   .     (helmet restricted)
rPois  +         Gourm    .     (no amulet)
rElec  .         Spirit   .     d - ring of protection from fire {rF+, !d}
rCorr  .         Warding  .     m - +3 ring of intelligence
rMut   .         Stasis   .     t - +4 ring of protection
MR     .....                    O - ring of poison resistance {rPois, !d}
Stlth  ++........               L - ring of fire {rF+, rC-}
                                (no ring)
                                (no ring)
                                (no ring)

@: not resistant to hostile enchantments, unstealthy
A: almost no armour, amphibious, 8 rings, constrict 8, camouflage 1, gelatinous
body 1
a: no special abilities


You were on level 7 of the Dungeon.
You were not hungry.

You visited 1 branch of the dungeon, and saw 7 of its levels.
You also visited: Sewer and Ossuary.

You collected 595 gold pieces.

Inventory:

Hand weapons
 a - a +0 rapier
   (You found it on level 2 of the Dungeon)
 v - a +0 blowgun (weapon)
   (You took it off a kobold on level 3 of the Dungeon)
 z - a +0 greatsling
   (You found it on level 6 of the Dungeon)
Missiles
 h - 2 sling bullets of flame
 l - 205 stones
 o - 13 silver sling bullets
 q - 12 arrows
 w - 17 poisoned needles (quivered)
 P - 18 sling bullets
Armour
 D - a +0 buckler
   (You took it off an orc on level 4 of the Dungeon)
Magical staves
 u - an uncursed staff of conjuration {!a}
   (You found it on level 3 of the Dungeon)
Jewellery
 d - a ring of protection from fire (left tentacle) {rF+, !d}
   (You found it on level 1 of the Dungeon)
 m - a +3 ring of intelligence (right tentacle)
   (You found it on level 2 of the Dungeon)
 t - a +4 ring of protection (on tentacle)
   (You found it on level 6 of the Dungeon)
 x - an uncursed ring of teleportation {+/*tele, !d}
   (You took it off an orc on level 4 of the Dungeon)
 L - a ring of fire (on tentacle) {rF+, rC-}
   (You found it on level 5 of the Dungeon)
 O - a ring of poison resistance (on tentacle) {rPois, !d}
   (You found it on level 6 of the Dungeon)
Magical devices
 Q - a wand of enslavement (13)
   (You found it on level 7 of the Dungeon)
Scrolls
 g - 3 scrolls of teleportation
 i - 4 scrolls of fear
 y - a scroll of magic mapping {unknown}
 B - a scroll of blinking {!r}
 C - 2 scrolls of amnesia {unknown}
 E - 3 scrolls of random uselessness {unknown}
 G - 4 scrolls of remove curse
 J - a scroll of recharging {unknown}
 M - 2 scrolls of fog {unknown}
 N - 3 scrolls of enchant weapon {unknown}
 R - a scroll of enchant armour {unknown}
Potions
 e - 2 potions of heal wounds {unknown}
 j - 2 potions of brilliance
 k - 2 potions of invisibility {unknown}
 n - 2 potions of might
 p - a potion of ambrosia {unknown}
 r - 2 potions of cure mutation {unknown}
 A - a potion of haste
 F - 3 potions of agility
 H - 5 potions of curing {unknown}
 I - a potion of magic {unknown}
 K - a potion of poison {unknown}
Books
 b - a book of Changes
Comestibles
 c - 7 bread rations {@e1}
 f - 2 beef jerkies


   Skills:
 + Level 2.4 Fighting
 - Level 2.0 Dodging
 + Level 3.7 Unarmed Combat
 + Level 5.0 Spellcasting
 - Level 9.0 Transmutations
 - Level 6.0 Ice Magic


You had 13 spell levels left.
You knew the following spells:

 Your Spells              Type           Power        Failure   Level  Hunger
a - Beastly Appendage     Trmt           #####.       1%          1    None
b - Ice Form              Ice/Trmt       ###.....     8%          4    ####...


Dungeon Overview and Level Annotations

Branches:
Dungeon (7/15)
 Temple: D:4-7

Altars:
Ashenzari
Dithmenos
Qazlal
Ru
Vehumet

Annotations:
D:3 exclusion: downstairs
D:4 barthelm's ghost, experienced GrBe
D:6 exclusion: Grinder, Grinder
D:7 exclusion: hungry ghost, Joseph


Innate Abilities, Weirdness & Mutations

You cannot wear most types of armour.
You are amphibious.
You can wear up to eight rings at the same time.
You can use your tentacles to constrict eight enemies at once.
Your skin changes colour to match your surroundings (Stealth).
Your rubbery body absorbs attacks (AC +1).


Message History

You see here a sling bullet of flame.
You take 1 damage, and have 12/66 hp.
There is a stone staircase leading up here.
You climb upwards.
Level annotation: exclusion: Grinder, Grinder
There is a stone staircase leading down here.
MP restored: 16 You start resting.
Your transformation is almost over.
You regained 2 hp, and now have 16/66 hp.
You start resting.
Your magical contamination has completely faded away.
You regained 2 hp, and now have 18/66 hp.
You start resting.
You warm up again.
Your +0 blowgun unmelds from your body.
You now have 15/55 hp.
You start resting.
HP restored.
Health restored: 55 Unknown command.
Casting: Ice Form
Confirm with . or Enter, or press ? or * to list all spells.
Okay, then.
Remove which piece of jewellery? (? for menu, Esc to quit)
You remove your ring of fire {rF+, rC-}.
Casting: Ice Form
Confirm with . or Enter, or press ? or * to list all spells.
You don't know that spell.
Casting: Ice Form
Confirm with . or Enter, or press ? or * to list all spells.
Okay, then.
Unknown command.
Put on which piece of jewellery? (? for menu, Esc to quit)
You feel more attuned to fire.
L - a ring of fire (on tentacle) {rF+, rC-} You climb downwards.
Level annotation: exclusion: hungry ghost, Joseph
There is a stone staircase leading up here.
What do you say? t - Shout!
Orders for allies: a - Attack new target. r - Retreat! s - Stop attacking. w - Wait here. f - Follow me.
Anything else - Stay silent.
You shout for attention!
h - 2 sling bullets of flame (gained 1)
There is a stone staircase leading up here.
Joseph shouts!
Joseph shoots a sling bullet of flame.
The sling bullet of flame hits you!
You see here a sling bullet of flame.
You take 7 damage, and have 48/55 hp.
There is a stone staircase leading up here.
Firing (i - inventory. (,) - cycle):
w - 23 poisoned needles (quivered)
Press: ? - help, Shift-Dir - straight line, f - Joseph
Aim: Joseph, wielding a hunting sling and wearing a ring mail (moderately wounded)
You shoot a poisoned needle. The poisoned needle hits Joseph!
Joseph is poisoned.
Joseph is moderately wounded.
Firing (i - inventory. (,) - cycle):
w - 22 poisoned needles (quivered)
Press: ? - help, Shift-Dir - straight line, f/p - Joseph
Aim: Joseph, wielding a hunting sling and wearing a ring mail (moderately wounded, poisoned)
You shoot a poisoned needle. The poisoned needle hits Joseph!
Joseph looks even sicker.
Joseph is moderately wounded.
Joseph shoots a sling bullet of flame.
The sling bullet of flame hits you! The sling bullet of flame burns you.
You take 8 damage, and have 41/55 hp.
Firing (i - inventory. (,) - cycle):
w - 21 poisoned needles (quivered)
Press: ? - help, Shift-Dir - straight line, f/p - Joseph
Aim: Joseph, wielding a hunting sling and wearing a ring mail (moderately wounded, poisoned)
You shoot a poisoned needle. The poisoned needle hits Joseph!
Joseph is moderately wounded.
Joseph shoots a sling bullet of flame.
The sling bullet of flame hits you! The sling bullet of flame burns you.
You take 18 damage, and have 23/55 hp.
MASSIVE DAMAGE!!
Firing (i - inventory. (,) - cycle):
w - 20 poisoned needles (quivered)
Press: ? - help, Shift-Dir - straight line, f/p - Joseph
Aim: Joseph, wielding a hunting sling and wearing a ring mail (heavily wounded, poisoned)
You shoot a poisoned needle.
The poisoned needle closely misses Joseph.
Firing (i - inventory. (,) - cycle):
w - 19 poisoned needles (quivered)
Press: ? - help, Shift-Dir - straight line, f/p - Joseph
Aim: Joseph, wielding a hunting sling and wearing a ring mail (heavily wounded, poisoned)
You shoot a poisoned needle.
The poisoned needle barely misses Joseph.
Joseph shoots a sling bullet of flame.
The sling bullet of flame closely misses you.
Firing (i - inventory. (,) - cycle):
w - 18 poisoned needles (quivered)
Press: ? - help, Shift-Dir - straight line, f/p - Joseph
Aim: Joseph, wielding a hunting sling and wearing a ring mail (heavily wounded, poisoned)
You shoot a poisoned needle. The poisoned needle hits Joseph!
Joseph is heavily wounded.
Joseph shoots a sling bullet of flame.
The sling bullet of flame hits you!!
* * * LOW HITPOINT WARNING * * *
The sling bullet of flame burns you.
* * * LOW HITPOINT WARNING * * *
You take 20 damage, and have 3/55 hp.
MASSIVE DAMAGE!!
Joseph shoots a sling bullet of flame.
The sling bullet of flame hits you!
You die...

..######..##..##......###.#≈.##..
..# #......#..#######..####...
########.##.....## ##.## #...
##..........#.#########..# #...
.#.####..####...........### ##..
...##.....###.#########...## ##.
.####...........######.^...####..
.# ###...........(..........##.#
## #######...@####...........#
####...@(..(....###.#
#######...@.## ### ##.....##
#.......# #.......# #...<...#
##.....## ##.>.##


You could see Joseph.

Vanquished Creatures
  A hippogriff (D:7)
  4 ice beasts
  An orc warrior (D:7)
  A water moccasin (D:6)
  A phantom (D:6)
  2 ogres
  A sky beast (D:7)
  The ghost of comborobin the Caller, an average TeSu of Vehumet (D:5)
  3 giant frogs
  A water moccasin skeleton (D:7)
  2 scorpions
  An electric eel (D:7)
  A crimson imp (D:6)
  A giant frog zombie (D:5)
  A quasit (D:7)
  An orc wizard (D:7)
  3 giant frog skeletons
  3 hounds
  2 worker ants (D:4)
  2 big kobold zombies (Ossuary)
  8 mummies (Ossuary)
  4 gnolls (D:2)
  8 adders
  9 river rats
  An ooze (D:2)
  4 worms
  An adder skeleton (D:4)
  2 giant geckos
  7 orcs
  2 giant cockroaches
  9 goblins
  7 hobgoblins
  11 jackals
  13 kobolds
  3 quokkas
  7 ball pythons
  5 bats
  2 giant gecko skeletons
  6 giant newts
  2 gnoll zombies (Ossuary)
  2 hobgoblin zombies (Ossuary)
  2 kobold zombies (Ossuary)
  19 rats
167 creatures vanquished.

Vanquished Creatures (others)
  A giant cockroach (D:1)
  A jackal (D:1)
  A giant newt (D:1)
3 creatures vanquished.

Grand Total: 170 creatures vanquished

Notes
Turn   | Place    | Note
--------------------------------------------------------------
     0 | D:1      | achirane the Octopode Transmuter began the quest for the Orb.
     0 | D:1      | Reached XP level 1. HP: 13/13 MP: 3/3
   285 | D:1      | Reached XP level 2. HP: 18/18 MP: 3/5
   455 | D:1      | Reached skill level 3 in Transmutations
   907 | D:1      | Reached XP level 3. HP: 23/23 MP: 4/6
  1170 | D:2      | HP: 5/23 [poisoned by an adder]
  1513 | D:2      | Reached skill level 4 in Transmutations
  1513 | D:2      | Reached XP level 4. HP: 10/28 MP: 5/7
  2136 | D:2      | Found a radiant altar of Vehumet.
  2140 | D:2      | Found a shadowy altar of Dithmenos.
  2926 | D:2      | Reached skill level 5 in Transmutations
  2926 | D:2      | Reached XP level 5. HP: 33/33 MP: 8/8
  2994 | D:2      | Found a sacrificial altar of Ru.
  3287 | D:2      | Learned a level 4 spell: Ice Form
  3564 | D:3      | Reached skill level 1 in Ice Magic
  4458 | D:3      | Reached skill level 2 in Ice Magic
  4491 | D:4      | Reached XP level 6. HP: 38/38 MP: 9/9
  4497 | D:4      | Found a glowing drain.
  4609 | Sewer    | Entered a sewer
  4804 | Sewer    | Reached skill level 3 in Ice Magic
  4960 | Sewer    | Reached skill level 6 in Transmutations
  5564 | D:4      | Noticed barthelm's ghost (experienced GrBe)
  6076 | D:4      | Reached XP level 7. HP: 32/43 MP: 10/10
  6318 | D:5      | Entered Level 5 of the Dungeon
  6332 | D:5      | Noticed comborobin's ghost (average TeSu)
  6359 | D:5      | HP: 4/43 [iron imp[comborobin's ghost] (10)]
  6364 | D:5      | Killed comborobin's ghost
  6708 | D:5      | Reached skill level 4 in Ice Magic
  6734 | D:5      | Found a sand-covered staircase.
  6739 | Ossuary  | Entered an ossuary
  7137 | Ossuary  | Reached skill level 7 in Transmutations
  7515 | D:5      | Reached skill level 5 in Ice Magic
  7526 | D:5      | Found a shattered altar of Ashenzari.
  7546 | D:5      | Found a stormy altar of Qazlal.
  7833 | D:5      | Reached XP level 8. HP: 48/48 MP: 7/11
  8239 | D:6      | Noticed Grinder
  8363 | D:6      | Reached skill level 6 in Ice Magic
  8739 | D:6      | Reached skill level 8 in Transmutations
  8835 | D:6      | Reached skill level 3 in Spellcasting
  9484 | D:7      | Reached skill level 4 in Spellcasting
  9484 | D:7      | Reached XP level 9. HP: 47/53 MP: 9/15
  9622 | D:7      | Reached skill level 9 in Transmutations
 10026 | D:7      | Noticed Joseph
 10258 | D:7      | Reached skill level 2 in Fighting
 10319 | D:7      | Reached skill level 5 in Spellcasting
 10424 | D:7      | HP: 10/66 [Joseph/uncursed quarterstaff (15)]
 10439 | D:7      | HP: 12/66 [Joseph/sling bullet of flame (1)]
 10724 | D:7      | HP: 4/55 [Joseph/sling bullet of flame (20)]
 10725 | D:7      | Shot with a sling bullet of flame by Joseph

Vault maps used:
D:1:      minmay_arrival_solitary_statue, lemuel_old_faithful
D:2:      nicolae_overflow_hidden_temple, nicolae_ru_awakened_eye
D:4:      portal_sewer_entry_a, first_bread
D:5:      cheibrodos_ashenzari_chains, enter_ossuary_5, solitary_fountain,
          nicolae_qazlal_general_emergency
D:6:      uniq_grinder
D:7:      minmay_temple_entry_statues_pillars, serial_bayou,
          serial_bayou_ford_a, serial_bayou_shore_b, serial_bayou_pond_d,
          serial_bayou_pond_d, serial_bayou_crossing, the_bakery, uniq_joseph
Sewer:    sewer_co_cracked_pipes
Ossuary:  ossuary_tomb_3

Action                   |  1- 3 |  4- 6 |  7- 9 || total
-------------------------+-------+-------+-------++-------
Melee: Unarmed           |     9 |       |   150 ||   159
       Club              |     7 |       |       ||     7
       Short sword       |    50 |       |       ||    50
       Rapier            |     8 |    97 |    32 ||   137
 Fire: Hunting sling     |       |   120 |    77 ||   197
       Blowgun           |       |    61 |    60 ||   121
       Greatsling        |       |       |    16 ||    16
Throw: Stone             |    19 |    28 |     2 ||    49
 Cast: Beastly Appendage |    23 |    24 |     8 ||    55
       Ice Form          |       |       |    18 ||    18
 Abil: End Transformatio |       |       |     5 ||     5
  Use: Scroll            |       |     7 |     5 ||    12
       Potion            |       |       |     3 ||     3
 Stab: Sleeping          |     3 |    18 |     4 ||    25
       Distracted        |       |     1 |     2 ||     3
  Eat: Chunk             |     2 |    14 |     5 ||    21
       Fruit             |       |       |     3 ||     3
       Royal jelly       |       |       |     1 ||     1
       Meat ration       |       |       |     2 ||     2
       Pizza             |       |       |     2 ||     2

Vault maps used:
D:1:      minmay_arrival_solitary_statue, lemuel_old_faithful
D:2:      nicolae_overflow_hidden_temple, nicolae_ru_awakened_eye
D:4:      portal_sewer_entry_a, first_bread
D:5:      cheibrodos_ashenzari_chains, enter_ossuary_5, solitary_fountain,
          nicolae_qazlal_general_emergency
D:6:      uniq_grinder
D:7:      minmay_temple_entry_statues_pillars, serial_bayou,
          serial_bayou_ford_a, serial_bayou_shore_b, serial_bayou_pond_d,
          serial_bayou_pond_d, serial_bayou_crossing, the_bakery, uniq_joseph
Sewer:    sewer_co_cracked_pipes
Ossuary:  ossuary_tomb_3

Table legend:
 A = Turns spent in this place as a percentage of turns spent in the entire game.
 B = Non-inter-level travel turns spent in this place as a percentage of non-inter-level travel turns spent in the entire game.
 C = Inter-level travel turns spent in this place as a percentage of turns spent in this place.
 D = Turns resting spent in this place as a percentage of non-inter-level travel turns spent in this place.
 E = Turns spent auto-exploring this place as a percentage of non-inter-level travel turns spent in this place.
 F = Non-inter-level travel turns spent in this place divided by the number of levels of this place that you've seen.
                   A       B       C       D       E      F
               +-------+-------+-------+-------+-------+----------------------
         Total | 100.0 | 100.0 |   0.3 |   3.1 |   2.0 | 529.9
       Dungeon |  79.2 |  79.1 |   0.3 |   3.3 |   2.5 | 539.0
         Sewer |  11.8 |  11.9 |   0.0 |   1.8 |   0.0 | 566.0
       Ossuary |   9.0 |   9.0 |   0.0 |   3.3 |   0.0 | 430.0
               +-------+-------+-------+-------+-------+----------------------

Table legend:
 A = Kills in this place as a percentage of kills in entire the game.
 B = Kills by you in this place as a percentage of kills by you in the entire game.
 C = Kills by friends in this place as a percentage of kills by friends in the entire game.
 D = Other kills in this place as a percentage of other kills in the entire game.
 E = Experience gained in this place as a percentage of experience gained in the entire game.
 F = Experience gained in this place divided by the number of levels of this place that you have seen.
                   A       B       C       D       E      F
               +-------+-------+-------+-------+-------+----------------------
         Total | 100.0 | 100.0 |  -nan |  -nan | 100.0 | 365.8
       Dungeon |  73.7 |  73.7 |  -nan |  -nan |  89.6 | 421.1
         Sewer |  16.8 |  16.8 |  -nan |  -nan |   4.4 | 146.0
       Ossuary |   9.6 |   9.6 |  -nan |  -nan |   6.0 | 198.0
               +-------+-------+-------+-------+-------+----------------------
